 Dungeon Crawl Stone Soup version 0.31-a0-1237-gabc64e778c (webtiles) character file.

Game seed: 11396594992583855147

10223 Maratek the Fighter (level 11, -3/87 HPs)
             Began as a Demonspawn Gladiator on Dec 15, 2023.
             Was an Elder of Qazlal.
             Slain by a red ugly thing (15 damage)
             ... on level 12 of the Dungeon.
             The game lasted 00:19:03 (9663 turns).

Maratek the Fighter (Demonspawn Gladiator)          Turns: 9663, Time: 00:19:04

Health: -3/87      AC: 19    Str: 16    XL:     11   Next: 33%
Magic:  11/11      EV:  8    Int: 10    God:    Qazlal [****..]
Gold:   524        SH:  9    Dex: 18    Spells: 10/10 levels left

rFire   . . .        q - +1 trident (venom)
rCold   . . .        b - +0 buckler of the Guardian {rN+}
rNeg    + . .        y - +0 plate armour
rPois   +            n - +0 helmet of Makhleb, Stopping {Regen+ rCorr}
rElec   .            G - +1 cloak
rCorr   +            (no gloves)
SInv    .            r - +2 pair of boots
Will    ++...        D - amulet of the acrobat Stlth
                     g - ring of poison resistance
HPRegen 1.14/turn    f - ring of willpower
MPRegen 0.12/turn

%: repel missiles, acrobat
@: corroded
A: thin metallic scales 2, foul stench 1, powered by pain 1, weakness stinger 1,
hooves 1, thin skeletal structure 1, strong-willed 1, MP-powered wands
a: Renounce Religion, Upheaval, Elemental Force


You were on level 12 of the Dungeon.
You worshipped Qazlal.
Qazlal was greatly pleased with you.
You visited 2 branches of the dungeon, and saw 13 of its levels.
You also visited: Ossuary.

You collected 524 gold pieces.

Inventory:

Hand Weapons
 a - a +3 trident
 q - a +1 trident of venom (weapon)
Missiles
 d - 5 throwing nets
 e - 7 javelins
Armour
 b - the +0 buckler of the Guardian (worn) {rN+}
   (You found it on level 4 of the Dungeon)

   rN+:       It protects you from negative energy.
 n - the +0 helmet of Makhleb, Stopping (worn) {Regen+ rCorr}
   (You found it on level 3 of the Dungeon)

   Regen+:    It increases your rate of health regeneration.
   rCorr:     It protects you from acid and corrosion.
 r - a +2 pair of boots (worn)
 v - a scarf of repulsion
 y - a +0 plate armour (worn)
 G - a +1 cloak (worn)
Jewellery
 f - a ring of willpower (right hand)
 g - a ring of poison resistance (left hand)
 t - a +6 ring of strength
 D - an amulet of the acrobat (around neck)
Wands
 u - a wand of paralysis (2)
 I - a wand of acid (3)
Scrolls
 s - 2 scrolls of blinking
 w - 2 scrolls of poison
 z - 2 scrolls of identify
 A - 2 scrolls of fear
 C - a scroll of revelation
 F - a scroll of silence
Potions
 c - 5 potions of magic
 h - a potion of haste
 i - 2 potions of curing
 l - 3 potions of enlightenment
 m - 2 potions of mutation
 o - a potion of might
 p - a potion of heal wounds
 x - a potion of cancellation (quivered)
 H - a potion of attraction


   Skills:
 * Level 8.8 Fighting
 * Level 8.3 Polearms
 + Level 6.5 Throwing
 * Level 6.9 Armour
 * Level 8.3 Dodging


You had 10 spell levels left.
You didn't know any spells.
Your spell library contained the following spells:

 Spells                   Type           Power      Damage    Failure   Level
 Magic Dart               Conj           0%         1d3       100%        1
 Blink                    Tloc           0%         N/A       100%        2
 Cigotuvi's Dreadful Rot  Necr/Pois/Air  0%         N/A       100%        2
 Ensorcelled Hibernation  Hex/Ice        0%         N/A       100%        2
 Jinxbite                 Hex            0%         N/A       100%        2
 Searing Ray              Conj           0%         2d4       100%        2
 Call Canine Familiar     Summ           0%         N/A       100%        3
 Ignite Poison            Fire/Tmut/Pois 0%         N/A       100%        3
 Inner Flame              Hex/Fire       0%         N/A       100%        3
 Ozocubu's Armour         Ice            0%         N/A       100%        3
 Sigil of Binding         Hex            0%         N/A       100%        3
 Anguish                  Hex/Necr       0%         N/A       100%        4
 Cause Fear               Hex            0%         N/A       100%        4
 Dimensional Bullseye     Hex/Tloc       0%         N/A       100%        4
 Fulminant Prism          Conj/Hex       0%         3d5       100%        4
 Leda's Liquefaction      Hex/Erth       0%         N/A       100%        4
 Manifold Assault         Tloc           0%         N/A       100%        4
 Fireball                 Conj/Fire      0%         3d3       100%        5
 Freezing Cloud           Conj/Ice/Air   0%         6-21      100%        5
 Yara's Violent Unravell  Hex/Tmut       0%         3d3       100%        5
 Enfeeble                 Hex            0%         N/A       100%        7
 Ozocubu's Refrigeration  Ice            0%         4d7       100%        7
 Dragon's Call            Summ           0%         N/A       100%        9


Dungeon Overview and Level Annotations

Branches:
Dungeon (12/15)            Temple (1/1) D:4            Lair (0/5) D:11
    Orc (0/2) D:9         Ossuary (visited)

Altars:
Ashenzari
Cheibriados
Dithmenos
Fedhas
Gozag
Hepliaklqana
Kikubaaqudgha
Makhleb
Nemelex Xobeh
Okawaru
Qazlal
Ru
Sif Muna
Trog
Uskayaw
Vehumet
Wu Jian
Xom
Yredelemnul

Shops:
D:5 [   D:6 *   D:8 [(((

Annotations:
D:5 2 transporters, Takeo's ghost, novice DEIE
D:11 1 runed translucent door, Wired's ghost, journeyman MiFi


Innate Abilities, Weirdness & Mutations

You are mostly covered in thin metallic scales. (AC +3)
You may rarely emit foul miasma when damaged in melee.
You sometimes gain a little power by taking damage.
You have a small tail.
You have large cloven feet.
You have a somewhat thin skeletal structure. (Dex +2, Stealth+)
You are strong-willed. (Will+)
You expend magic power (3 MP) to strengthen your wands.


Message History

You barely miss the troll.
The troll is almost dead.
You block the red ugly thing's attack. The troll bites you but does no damage.
The troll claws you but does no damage. The troll claws you.
You puncture the troll!
You kill the troll!
Qazlal accepts your kill.
The troll leather armour is intact enough to wear.
The red ugly thing stings you but does no damage.
You puncture the red ugly thing!
The red ugly thing looks as sick as possible!
Your tail-slap misses the red ugly thing.
The red ugly thing is moderately wounded.
The red ugly thing stings you.
You are engulfed in flames!!
You barely miss the red ugly thing.
You tail-slap the red ugly thing, but do no damage.
The red ugly thing is heavily wounded.
You hear a howl!
The acid dragon spits acid at you. The splash of acid hits you! You resist.
The acid corrodes you!
The red ugly thing stings you but does no damage.
You are too injured to fight recklessly!
Unknown command.
You are too injured to fight recklessly!
The red ugly thing attacks as it pursues you!
The red ugly thing stings you but does no damage.
You closely miss the red ugly thing.
The red ugly thing is heavily wounded.
The red ugly thing stings you!
You are engulfed in flames!!
* * * LOW HITPOINT WARNING * * *
You hit the red ugly thing but do no damage.
Your tail-slap misses the red ugly thing.
The red ugly thing is heavily wounded.
The red ugly thing stings you but does no damage.
You barely miss the red ugly thing.
The red ugly thing is heavily wounded.
The red ugly thing stings you.
* * * LOW HITPOINT WARNING * * *
You are engulfed in flames!
You die...

.#.# ... ..###+#.##
.#)#####.# #........#
.#.#...#.# #........#
.#.#.#.#.# #........#
)#.#.#.#.#####.......#
.......#.##..........####
##'#.###.##....#D.[......
#.........'....#u#.#.####
#...####.##....#@#.....
#...# #.#######.#.....#
...## #.# #.#.#.#.# ...+
#+# #.#....... ...#
#.#.#.#... ...#
#.#....... #.# #.#


You could see a red ugly thing (very poisoned) and an acid dragon.

Vanquished Creatures
  A two-headed ogre (D:9)
  Amaemon (D:8)
  A deep elf pyromancer (D:12)
  An orange demon (D:8)
  A komodo dragon (D:11)
  5 trolls
  2 hornets
  A wraith (D:11)
  A steam dragon (D:8)
  4 yaks
  3 vampire mosquitoes (D:11)
  2 acid dragons (D:11)
  4 water moccasins
  Duvessa (D:5)
  An ice beast (D:4)
  8 orc warriors
  3 centaurs
  5 ogres
  A phantom (D:5)
  A kobold brigand (D:7)
  5 bullfrogs
  A gnoll sergeant (D:9)
  A scorpion (D:4)
  12 wights
  Dowan (D:5)
  12 killer bees
  4 electric eels
  A howler monkey (D:11)
  3 human zombies (Ossuary)
  5 hounds
  4 orc priests
  A jelly (D:7)
  2 sleepcaps
  4 iguanas
  17 orc wizards
  5 mummies
  6 gnolls
  4 adders (D:3)
  A shadow imp (D:7)
  4 ufetubi (D:6)
  A worm (D:5)
  3 dart slugs
  45 orcs
  An endoplasm (D:2)
  2 giant cockroaches
  3 goblins
  4 hobgoblins
  2 jackals (D:4)
  12 kobolds
  2 quokkas (D:1)
  2 training dummies (D:5)
  7 ball pythons
  5 bats
  A frilled lizard (D:1)
  2 goblin zombies
  3 hobgoblin zombies (Ossuary)
  2 orc zombies
  5 rats
242 creatures vanquished.

Notes
Turn   | Place    | Note
-------+----------+-------------------------------------------
     0 | D:1      | Maratek the Demonspawn Gladiator began the quest for the
                  | Orb.
     0 | D:1      | Reached XP level 1. HP: 16/16 MP: 1/1
   148 | D:1      | Gained mutation: You are partially covered in thin metallic
                  | scales. (AC +2) [demonic ancestry]
   148 | D:1      | Reached XP level 2. HP: 13/22 MP: 2/2
   937 | D:2      | Gained mutation: You sometimes gain a little power by
                  | taking damage. [demonic ancestry]
   937 | D:2      | Reached XP level 3. HP: 28/28 MP: 3/3
  1805 | D:3      | Identified the +0 helmet of Makhleb, Stopping {Regen+
                  | rCorr}
  1911 | D:3      | Reached XP level 4. HP: 34/34 MP: 4/4
  2213 | D:4      | Noticed a scorpion
  2214 | D:4      | Found a staircase to the Ecumenical Temple.
  2267 | D:4      | Found a sand-covered staircase.
  2276 | D:4      | Gained mutation: You may rarely emit foul miasma when
                  | damaged in melee. [demonic ancestry]
  2276 | D:4      | Reached XP level 5. HP: 24/41 MP: 5/5
  2278 | Ossuary  | Entered an ossuary
  2456 | Ossuary  | HP: 1/41 [mummy (13)]
  2569 | Ossuary  | Reached XP level 6. HP: 47/47 MP: 6/6
  2911 | D:4      | Identified the +0 buckler of the Guardian {rN+}
  2970 | D:4      | Noticed an ice beast
  2989 | D:4      | Killed an ice beast
  3035 | Temple   | Entered the Ecumenical Temple
  3044 | Temple   | Became a worshipper of Qazlal Stormbringer
  3098 | D:4      | Gained mutation: You are mostly covered in thin metallic
                  | scales. (AC +3) [demonic ancestry]
  3098 | D:4      | Reached XP level 7. HP: 54/54 MP: 7/7
  3434 | D:5      | Entered Level 5 of the Dungeon
  3496 | D:5      | Reached skill level 1 in Armour
  3581 | D:5      | Reached skill level 5 in Polearms
  3581 | D:5      | Reached skill level 5 in Dodging
  3581 | D:5      | Reached XP level 8. HP: 55/61 MP: 8/8
  3604 | D:5      | Found an ancient bone altar of Kikubaaqudgha.
  3605 | D:5      | Found a sacrificial altar of Ru.
  3605 | D:5      | Found a shimmering blue altar of Sif Muna.
  3608 | D:5      | Found an iron altar of Okawaru.
  3608 | D:5      | Found a shadowy altar of Dithmenos.
  3610 | D:5      | Found a hide-covered altar of Uskayaw.
  3610 | D:5      | Found an ornate altar of the Wu Jian Council.
  3654 | D:5      | Reached skill level 5 in Fighting
  3827 | D:5      | Found a shimmering altar of Xom.
  4028 | D:5      | Found Foig's Armour Boutique.
  4053 | D:5      | Found a transporter.
  4055 | D:5      | Noticed Takeo's ghost (novice DEIE)
  4060 | D:5      | Found a transporter.
  4183 | D:5      | Noticed Duvessa
  4183 | D:5      | Noticed Dowan
  4210 | D:5      | Killed Duvessa
  4218 | D:5      | Killed Dowan
  4218 | D:5      | Reached * piety under Qazlal
  4823 | D:6      | Found an opulent altar of Gozag.
  4830 | D:6      | Found a broken altar of Ashenzari.
  4864 | D:6      | Found Geigynio's General Store.
  5460 | D:7      | Gained mutation: You have a small tail. [demonic ancestry]
  5460 | D:7      | Reached XP level 9. HP: 69/69 MP: 9/9
  5558 | D:7      | Reached ** piety under Qazlal
  5628 | D:7      | Reached skill level 5 in Throwing
  5972 | D:8      | Found Senosh's Weapon Shop.
  6115 | D:8      | Found Inkimn's Antique Armour Emporium.
  6132 | D:8      | Noticed an orange demon
  6133 | D:8      | Noticed Amaemon
  6156 | D:8      | Killed Amaemon
  6170 | D:8      | Killed an orange demon
  6171 | D:8      | Reached skill level 5 in Armour
  6257 | D:8      | Found Zebouro's Antique Weapon Shoppe.
  6357 | D:8      | Reached XP level 10. HP: 78/79 MP: 10/10
  6426 | D:8      | Found Denod Luhi's Weapon Emporium.
  6882 | D:8      | Gained mutation: You have large cloven feet. [potion of
                  | mutation]
  6882 | D:8      | Gained mutation: Your spells are a little harder to cast,
                  | but a little more powerful. [potion of mutation]
  6882 | D:8      | Gained mutation: You have hoof-like feet. [potion of
                  | mutation]
  6882 | D:8      | Gained mutation: You expend magic power (3 MP) to
                  | strengthen your wands. [potion of mutation]
  6883 | D:8      | Lost mutation: Your spells are a little harder to cast, but
                  | a little more powerful. [potion of mutation]
  6883 | D:8      | Lost mutation: You have hoof-like feet. [potion of
                  | mutation]
  6883 | D:8      | Gained mutation: You have a somewhat thin skeletal
                  | structure. (Dex +2, Stealth+) [potion of mutation]
  6883 | D:8      | Gained mutation: You are strong-willed. (Will+) [potion of
                  | mutation]
  6988 | D:9      | Noticed a two-headed ogre
  6996 | D:9      | Killed a two-headed ogre
  7148 | D:9      | Paralysed by a hornet for 2 turns
  7440 | D:9      | Reached *** piety under Qazlal
  7471 | D:9      | Found a staircase to the Orcish Mines.
  7833 | D:10     | Entered Level 10 of the Dungeon
  8453 | D:10     | Reached XP level 11. HP: 76/86 MP: 11/11
  8907 | D:11     | Reached **** piety under Qazlal
  8932 | D:11     | Found a staircase to the Lair.
  9071 | D:11     | Found a runed translucent door.
  9076 | D:11     | Noticed Wired's ghost (journeyman MiFi)
  9545 | D:12     | Noticed a deep elf pyromancer
  9557 | D:12     | Killed a deep elf pyromancer
  9649 | D:12     | Noticed a red ugly thing
  9663 | D:12     | Slain by a red ugly thing

Illustrated notes

Levels and vault maps discovered:
D:1:      dreamdust_arrival_sigmund_warning, layout_loops_ring, nrook_uturn
D:2:      layout_basic
D:3:      layout_basic, kennysheep_generic_room_14
D:4:      layout_loops_cross, temple_green, nicolae_ossuary_entry_giza
D:5:      dreamdust_elfheim, layout_loops_ring, nicolae_overflows_in_rows,
          serial_glass, glass_columns_a, glass_columns_b,
          gammafunk_ghost_mausoleum, serial_shops, nicolae_shop_hallway_stairs
D:6:      layout_basic, grunt_temple_overflow_open, serial_shops,
          nicolae_shop_hallway_plus
D:7:      layout_rooms
D:8:      layout_basic, serial_shops, shop, nicolae_shop_advertising_works
          [nicolae_subvault_shop_adworks], shop_fountains, shop,
          minmay_misc_feat_tiny, uniq_amaemon
D:9:      layout_rooms, erik_orc_2, serial_glass, glass_columns_a,
          glass_columns_a
D:10:     layout_cave_pods, st_stairs_14
D:11:     layout_basic, lair_entry_dummy, ebering_ghost_reflecting_pool
D:12:     layout_basic, serial_glass, glass_columns_a, glass_columns_a
Temple:   nicolae_temple_ecumenical_triangle

Skill      XL: |  1  2  3  4  5  6  7  8  9 10 11 |
---------------+----------------------------------+-----
Throwing       | 2 3 4 5 6 |  6.5
Polearms       | 3 4 5 6 7 8 |  8.3
Dodging        | 3 4 5 6 7 8 |  8.3
Fighting       | 3 4 5 7 8 |  8.8
Armour         | 1 3 5 6 |  6.9

Action                     |  1- 3 |  4- 6 |  7- 9 | 10-12 || total
---------------------------+-------+-------+-------+-------++-------
  Melee: Trident           |   115 |   209 |   435 |   377 ||  1136
         Punch             |     1 |     3 |       |       ||     4
         Tailslap          |       |       |    22 |    62 ||    84
  Throw: Javelin           |     3 |       |       |       ||     3
  Evoke: Wand              |       |       |     1 |       ||     1
    Use: Scroll            |     2 |     8 |     8 |     3 ||    21
         Potion            |       |       |     2 |    10 ||    12
   Stab: Sleeping          |     4 |     4 |     1 |       ||     9
         Paralysed         |       |       |     3 |       ||     3
 Armour: Leather armour    |    53 |   101 |     7 |       ||   161
         Chain mail        |       |       |   210 |       ||   210
         Plate armour      |       |       |   178 |   322 ||   500
  Dodge: Dodged            |    63 |    93 |   141 |   118 ||   415
         Repelled          |       |     1 |     3 |     4 ||     8
  Block: Buckler           |       |       |   125 |   161 ||   286

Table legend: (Time is in decaauts)
 A = Elapsed time spent in this place.
 B = Non-inter-level travel time spent in this place.
 C = Inter-level travel time spent in this place.
 D = Time resting spent in this place.
 E = Time spent auto-exploring this place.
 F = Levels seen in this place.
 G = Mean time per level.
                   A        B        C        D        E       F      G
               +--------+--------+--------+--------+--------+-----+--------+
         Total |   9711 |   9307 |    404 |    286 |   6803 |  14 |  693.6 |
       Dungeon |   9337 |   8947 |    390 |    235 |   6692 |  12 |  778.1 |
        Temple |     16 |      2 |     14 |      0 |      0 |   1 |   16.0 |
       Ossuary |    357 |    357 |      0 |     51 |    111 |   1 |  357.0 |
               +--------+--------+--------+--------+--------+-----+--------+

Top non-repeatable levels by time:
     D:5: 1016 daAuts
     D:6: 977 daAuts
     D:8: 953 daAuts
     D:9: 916 daAuts
     D:1: 874 daAuts
     D:4: 871 daAuts
    D:10: 831 daAuts
     D:2: 830 daAuts
    D:11: 827 daAuts
     D:7: 548 daAuts
     D:3: 526 daAuts
 Ossuary: 357 daAuts
    D:12: 161 daAuts
  Temple: 16 daAuts
